Map: Taito Citadel LE

Players

KDragon

  • Race: Zerg Zerg
  • League: Diamond
  • Spawn Location: 11:00

HoldTheDoor - Winner!

  • Race: Protoss Protoss
  • League: Diamond
  • Spawn Location: 5:00

VOD

Have the link to the VOD?

Description

Time

  • Played on: May 23, 2026, 12:24 p.m.
  • Length: 11:00
Show
View Real Time Build Order
Export as new Build Order

KDragon Zerg 

Build Orders: Pool First 

Get SALT Encoding   

  12  0:00  Drone  
  13  0:22  Spawning Pool  
  13  0:25  Drone  
  13  0:29  Drone  
  14  0:37  Extractor, Drone  
  15  0:43  Overlord  
  16  1:04  Drone x2  
  16  1:09  Zergling x2  
  16  1:10  Queen  
  20  1:19  Zergling x2  
  21  1:30  Overlord  
  21  1:42  Zergling x2  
  22  1:55  Zergling x2  
  23  2:02  Hatchery  
  22  2:13  Queen  
  24  2:16  Hatchery, Drone  
  24  2:19  Zergling x2  
  25  2:28  Drone x2  
  27  2:30  Extractor  
  27  2:36  Drone x2  
  28  2:48  Queen  
  30  2:58  Spore Crawler  
  30  2:59  Overlord  
  30  3:04  Drone  
  30  3:15  Queen  
  30  3:19  Drone  
  33  3:29  Spine Crawler  
  32  3:38  Spine Crawler  
  31  3:42  Spore Crawler  
  30  3:49  Drone x2  
  30  3:54  Drone x2  
  34  4:11  Drone x3  
  34  4:14  Zergling x4  
  39  4:22  Queen  
  41  4:52  Drone  
  39  4:54  Zergling x2  
  39  4:55  Zergling x14  
  47  5:08  Spine Crawler  
  47  5:09  Spine Crawler  
  45  5:19  Lair  
  45  5:20  Metabolic Boost  
  45  5:26  Drone x3  
  48  5:38  Spine Crawler  
  48  6:06  Zergling x2  
  48  6:07  Zergling x2  
  48  6:08  Overlord x3  
  48  6:09  Overlord  
  47  6:41  Zergling x12  
  47  6:42  Zergling x6  
  47  6:43  Zergling x2  
  57  6:51  Drone  
  58  6:59  Overlord x2, Hatchery  
  57  7:07  Zergling x2  
  57  7:08  Zergling x4  
  60  7:13  Overlord x2  
  60  7:17  Hydralisk Den  
  59  7:36  Zergling x2  
  59  7:37  Zergling x14  
  61  7:40  Drone, Baneling Nest  
  67  7:58  Zergling x2  
  67  7:59  Zergling x6  
  67  8:03  Hydralisk x2  
  75  8:11  Hydralisk  
  77  8:13  Drone  
  37  8:51  Hydralisk x4  
  37  8:52  Hydralisk x2  
  35  9:02  Overlord  
  35  9:03  Overlord  
  35  9:09  Spine Crawler  
  32  9:23  Hydralisk x2  
  22  9:57  Drone x3  
  6  10:21  Hatchery  
Show
View Real Time Build Order
Export as new Build Order

HoldTheDoor Protoss - Winner!

Build Orders:  

Get SALT Encoding   

  12  0:00  Probe  
  13  0:12  Probe  
  14  0:19  Pylon  
  14  0:24  Probe  
  15  0:33  Probe  
  15  0:39  Gateway  
  15  0:41  Probe  
  16  0:49  Assimilator  
  17  0:51  Probe  
  18  1:03  Forge  
  18  1:06  Probe  
  19  1:18  Probe  
  20  1:30  Probe  
  21  1:35  Cybernetics Core  
  21  1:37  Photon Cannon  
  21  1:42  Probe  
  22  1:54  Probe  
  23  2:07  Nexus  
  23  2:13  Pylon  
  23  2:24  Warp Gate  
  23  2:28  Stalker  
  23  2:31  Probe  
  26  2:41  Robotics Facility  
  26  2:43  Probe  
  27  2:55  Probe  
  27  2:58  Stalker  
  28  3:00  Gateway  
  30  3:07  Probe  
  31  3:18  Warp Prism  
  31  3:19  Probe  
  33  3:20  Probe  
  33  3:27  Pylon  
  33  3:32  Probe x2  
  37  3:38  Gateway  
  37  3:43  Gateway  
  37  4:21  Shield Battery  
  37  4:23  Shield Battery  
  37  4:24  Shield Battery  
  37  4:26  Pylon  
  37  4:34  Zealot x2  
  37  4:35  Zealot  
  43  4:45  Cybernetics Core  
  43  4:47  Gateway  
  43  4:49  Gateway  
  43  4:50  Gateway, Immortal  
  37  4:53  Pylon  
  37  5:17  Probe  
  37  5:20  Cybernetics Core  
  38  5:22  Zealot  
  38  5:23  Zealot  
  38  5:24  Zealot x2  
  46  5:35  Immortal  
  48  5:53  Zealot x4  
  48  5:54  Zealot  
  54  6:09  Stalker  
  54  6:13  Probe x2  
  54  6:16  Immortal  
  60  6:19  Forge  
  60  6:22  Pylon  
  60  6:23  Gateway  
  60  6:25  Probe  
  60  6:26  Probe, Gateway  
  60  6:30  Stalker  
  60  6:32  Stalker  
  66  6:50  Observer  
  66  6:53  Zealot x4  
  66  6:54  Zealot  
  77  7:04  Probe  
  77  7:05  Assimilator  
  78  7:24  Pylon  
  78  7:27  Pylon  
  78  7:29  Pylon  
  78  7:30  Pylon  
  78  7:31  Pylon  
  78  7:43  Stalker x2  
  78  7:44  Stalker x2  
  86  7:57  Zealot x3  
  86  7:58  Zealot  
  94  8:03  Pylon  
  94  8:07  Pylon  
  94  8:08  Photon Cannon  
  94  8:11  Photon Cannon  
  94  8:18  Zealot  
  94  8:19  Zealot x5  
  106  8:26  Zealot x2  
  110  8:41  Zealot x4  
  84  8:56  Immortal  
  84  8:58  Zealot x2  
  92  9:09  Stalker x2  
  96  9:44  Stalker  
  96  9:45  Stalker x3  
  95  9:46  Zealot x4  
  99  10:32  Zealot x2  
  99  10:34  Zealot x5  
  99  10:35  Zealot  
Tags
 
Matchup
PvZ
Opening
Pool First
Replay Pack
SC2Mai2026
Spawn Locations
Cross Positions
Add a new tag
Caveats
  • Supply blocks, unpowered buildings, or Contaminate may cause inaccurate times.
  • Supply counts are checked every 10 seconds.